 Dungeon Crawl Stone Soup version 0.27-a0-1513-g2aaa0cc67b (webtiles) character file.

Game seed: 4894220020080885041

63156 bilbop the Covert (level 15, -4/93 HPs)
             Began as a Kobold Summoner on July 9, 2021.
             Was a High Priest of Yredelemnul.
             Slain by an ettin simulacrum (13 damage)
             ... animated by a necromancer
             ... on level 15 of the Dungeon.
             The game lasted 03:26:59 (31880 turns).

bilbop the Covert (Kobold Summoner)                Turns: 31880, Time: 03:26:59

Health: -4/93      AC: 13    Str:  8    XL:     15   Next: 49%
Magic:  26/29      EV: 21    Int: 31    God:    Yredelemnul [*****.]
Gold:   1101       SH:  6    Dex: 16    Spells: 22/34 levels left

rFire    . . .     SeeInvis .   a - +10 dagger of Calculation {venom, rElec Str+2 Int+3}
rCold    + . .     Faith    .   u - +0 buckler
rNeg     + + .     Spirit   .   I - +0 steam dragon scales
rPois    .         Reflect  .   V - +1 hat {Will+}
rElec    +         Harm     .   z - +0 cloak
rCorr    .         Rampage  .   j - +0 pair of gloves
Will     ++...                  K - +0 pair of boots {Fly}
Stlth    +++++++...             H - amulet of the acrobat
HPRegen  0.25/turn              n - ring of Bodily Harmony {rC+ rN++ AC+4 Stlth+}
MPRegen  0.21/turn              e - +6 ring of intelligence

@: flying
A: small, no large weapons, nightstalker 3
a: Renounce Religion, Recall Undead Slaves, Injury Mirror, Animate Dead, Drain
Life, Enslave Soul


You were on level 15 of the Dungeon.
You worshipped Yredelemnul.
Yredelemnul was extremely pleased with you.
You visited 3 branches of the dungeon, and saw 22 of its levels.

You collected 1101 gold pieces.

Inventory:

Hand Weapons
 a - the +10 dagger of Calculation (weapon) {venom, rElec Str+2 Int+3}
   (You found it on level 1 of the Lair of Beasts)

   It poisons the flesh of those it strikes.
   Str:       It affects your strength (+2).
   Int:       It affects your intelligence (+3).
   rElec:     It insulates you from electricity.
 D - a +1 dagger
Missiles
 P - 4 curare-tipped darts
 S - 3 throwing nets
Armour
 j - a +0 pair of gloves (worn)
 o - the +4 kite shield of the Fiend {rElec rPois rF+}
   (You found it on level 5 of the Lair of Beasts)

   rF:        It protects you from fire.
   rElec:     It insulates you from electricity.
   rPois:     It protects you from poison.
 u - a +0 buckler (worn)
 z - a +0 cloak (worn)
 I - +0 steam dragon scales (worn)
 K - a +0 pair of boots of flying (worn)
 V - a +1 hat of willpower (worn)
Jewellery
 b - a +6 ring of strength
 e - a +6 ring of intelligence (right hand)
 i - a +6 ring of strength
 n - the ring of Bodily Harmony (left hand) {rC+ rN++ AC+4 Stlth+}
   (You acquired it on level 9 of the Dungeon)

   [ring of protection]

   AC:        It affects your AC (+4).
   rC:        It protects you from cold.
   rN:        It greatly protects you from negative energy.
   Stlth:     It makes you more stealthy.
 s - a +6 ring of dexterity
 H - an amulet of the acrobat (around neck)
 R - a ring of fire
 Y - an amulet of reflection
 Z - a +6 ring of intelligence
Wands
 q - a wand of polymorph (19)
 y - a wand of iceblast (21)
 E - a wand of digging (12)
 U - a wand of flame (17)
Scrolls
 c - 6 scrolls of teleportation
 f - 3 scrolls of blinking
 g - a scroll of magic mapping
 k - 2 scrolls of brand weapon {unknown}
 l - 2 scrolls of noise {unknown}
 p - a scroll of fear {unknown}
 r - 2 scrolls of summoning {unknown}
 t - 2 scrolls of vulnerability {unknown}
 w - 4 scrolls of silence
 x - 4 scrolls of fog {unknown}
 A - 2 scrolls of enchant weapon {unknown}
 C - 3 scrolls of enchant armour {unknown}
 J - 2 scrolls of amnesia {unknown}
 N - 2 scrolls of immolation {unknown}
 O - 2 scrolls of holy word {unknown}
Potions
 d - 4 potions of curing
 h - a potion of brilliance {unknown}
 m - 4 potions of heal wounds
 v - a potion of berserk rage {unknown}
 F - 3 potions of magic {unknown}
 G - 5 potions of haste
 L - a potion of cancellation {unknown}
 M - 2 potions of lignification {unknown}
 Q - 2 potions of mutation {unknown}
 T - a potion of might {unknown}
Miscellaneous
 B - a piece from Xom's chessboard (15/15)
 W - a condenser vane
 X - a phantom mirror


   Skills:
 + Level 10.4 Fighting
 + Level 12.3 Short Blades
 + Level 11.7 Dodging
 + Level 13.4 Stealth
 + Level 5.9 Shields
 + Level 10.0 Spellcasting
 + Level 4.3 Hexes
 + Level 10.4 Summonings
 + Level 9.7 Invocations


You had 22 spell levels left.
You knew the following spells:

 Your Spells              Type           Power      Damage    Failure   Level
a - Summon Small Mammal   Summ           100%       N/A       1%          1
b - Call Imp              Summ           69%        N/A       1%          2
c - Call Canine Familiar  Summ           69%        N/A       1%          3
d - Summon Lightning Spi  Summ/Air       48%        N/A       3%          4
e - Ensorcelled Hibernat  Hex/Ice        56%        N/A       1%          2

Your spell library contained the following spells:

 Spells                   Type           Power      Damage    Failure   Level
 Summon Guardian Golem    Hex/Summ       57%        N/A       1%          3
 Animate Skeleton         Necr           30%        N/A       3%          1
 Shock                    Conj/Air       60%        1d6       3%          1
 Animate Armour           Summ/Erth      96%        N/A       3%          4
 Corpse Rot               Necr/Air       N/A        N/A       4%          2
 Poisonous Vapours        Pois/Air       30%        N/A       4%          2
 Static Discharge         Conj/Air       15%        N/A       4%          2
 Cause Fear               Hex            21%        N/A       5%          4
 Conjure Flame            Conj/Fire      15%        6-21      10%         3
 Ignite Poison            Fire/Tmut/Pois 15%        N/A       10%         3
 Mephitic Cloud           Conj/Pois/Air  15%        N/A       10%         3
 Stone Arrow              Conj/Erth      30%        3d8       10%         3
 Swiftness                Air            15%        N/A       10%         3
 Vampiric Draining        Necr           7%         2d7       10%         3
 Fulminant Prism          Conj/Hex       14%        3d9       13%         4
 Airstrike                Air            7%         N/A       32%         4
 Dispel Undead            Necr           15%        3d10      32%         4
 Ice Form                 Ice/Tmut       15%        N/A       32%         4
 Iskenderun's Mystic Bla  Conj/Tloc      15%        2d5       32%         4
 Olgreb's Toxic Radiance  Pois           15%        N/A       32%         4
 Passage of Golubria      Tloc           N/A        N/A       32%         4
 Sticky Flame             Conj/Fire      15%        2d4       32%         4
 Metabolic Englaciation   Hex/Ice        14%        N/A       36%         5
 Silence                  Hex/Air        14%        N/A       36%         5
 Alistair's Intoxication  Tmut/Pois      10%        N/A       65%         5
 Blade Hands              Tmut           7%         N/A       65%         5
 Bolt of Magma            Conj/Fire/Erth 7%         4d6       65%         5
 Borgnjor's Vile Clutch   Necr/Erth      7%         N/A       65%         5
 Freezing Cloud           Conj/Ice/Air   7%         6-21      65%         5
 Irradiate                Conj/Tmut      7%         3d16      65%         5
 Iskenderun's Battlesphe  Conj           15%        2d7       65%         5
 Lee's Rapid Deconstruct  Erth           7%         3d8*      65%         5
 Lightning Bolt           Conj/Air       7%         1d20      65%         5
 Eringya's Noxious Bog    Tmut/Pois      7%         N/A       99%         6
 Simulacrum               Ice/Necr       7%         N/A       99%         6
 Dragon Form              Tmut           7%         N/A       100%        7
 Ozocubu's Refrigeration  Ice            7%         4d6       100%        7
 Ignition                 Fire           7%         3d5       100%        8
 Infestation              Necr           7%         N/A       100%        8
 Lehudib's Crystal Spear  Conj/Erth      7%         10d3      100%        8
 Maxwell's Capacitive Co  Air            7%         ∞         100%        8
 Death's Door             Necr           7%         N/A       100%        9
 Dragon's Call            Summ           34%        N/A       100%        9
 Polar Vortex             Ice            7%         N/A       100%        9


Dungeon Overview and Level Annotations

Branches:
Dungeon (15/15)            Temple (1/1) D:6            Lair (6/6) D:8
 Shoals (0/4) Lair:2        Snake (0/4) Lair:4        Slime (0/5) Lair:5
    Orc (0/2) D:10         Vaults (0/5) D:14
 Depths: D:15

Altars:
Ashenzari
Cheibriados
Dithmenos
Elyvilon
Fedhas
Gozag
Hepliaklqana
Kikubaaqudgha
Makhleb
Nemelex Xobeh
Okawaru
Qazlal
Ru
Sif Muna
Trog
Uskayaw
Vehumet
Wu Jian
Xom
Yredelemnul
Zin
The Shining One
Jiyva

Shops:
D:3 (   D:12 [

Portals:
Hell: Lair:6

Annotations:
D:12 Fannar
D:14 3 runed translucent doors, Nausicaa's ghost, journeyman MiBe


Innate Abilities, Weirdness & Mutations

You are small and have problems with some larger weapons.
You are completely attuned to the shadows.


Message History

Something barely misses your lightning spire.
You hit the ettin.
The ettin looks as sick as possible!
The ettin is severely wounded.
Something hits your lightning spire but does no damage.
You hit the ettin but do no damage.
The ettin looks as sick as possible!
The ettin is severely wounded.
The ettin hits you with a +0 dire flail!
You block the ettin's attack.
Something hits your lightning spire but does no damage.
You hit the ettin but do no damage.
The ettin looks as sick as possible!
The ettin is severely wounded.
Something hits your lightning spire.
Your lightning spire shoots out a bolt of lightning at the ettin!
The bolt of electricity hits the ettin!
The bolt of electricity hits the deep troll simulacrum!
You puncture the ettin!
The ettin is almost dead.
The ettin misses you. The ettin completely misses you.
Something hits your lightning spire.
You hit the ettin.
The ettin looks as sick as possible!
The ettin is almost dead.
You kill the ettin!
Yredelemnul accepts your kill.
A freezing mist starts to gather...
Something hits your lightning spire.
An ettin simulacrum comes into view.
You hit the ettin simulacrum.
The ettin simulacrum is lightly damaged.
Your lightning spire disappears in a puff of smoke!
You completely miss the ettin simulacrum.
The ettin simulacrum is lightly damaged.
You hear a shout!
You hear an angry hiss.
You hit the ettin simulacrum.
The ettin simulacrum is moderately damaged.
The ettin simulacrum hits you!! The ettin simulacrum freezes you! You resist.
* * * LOW HITPOINT WARNING * * *
The ettin simulacrum hits you.
* * * LOW HITPOINT WARNING * * *
The ettin simulacrum freezes you! You resist.
You die...
Your body rises from the dead as a mindless zombie.

#. ###$ #. ⌠..#
#####. Z...
.......#Z.{#
.......#.#@#
#........z#§{..
#####
#.......)h#.###
#...###.........#.#
#..#.##........####
#.#..............
##.........$......
.....#############
.#####


You could see a deep troll simulacrum, an ettin simulacrum (ally target), a
friendly warg (summoned) and a friendly flying skull.

Vanquished Creatures
  Gastronok (Lair:2)
  An ettin (D:15)
  A vault guard (D:14)
  2 boulder beetles (D:13)
  An ice dragon (Lair:6)
  6 hydras
  4 catoblepae
  A centaur warrior (D:13)
  A tengu warrior (D:15)
  Sonja (Lair:2)
  A deep troll (D:15)
  2 wizards
  8 ugly things
  2 cyclopes
  A manticore (D:11)
  2 merfolk sirens (Lair:2)
  3 elephants (Lair:6)
  A gargoyle (D:14)
  2 black mambas (Lair:6)
  4 cane toads
  A kobold demonologist (D:13)
  8 komodo dragons
  11 rime drakes
  A tengu conjurer (D:14)
  2 polar bears
  4 trolls
  A jumping spider (shapeshifter) (D:14)
  8 blink frogs
  A dream sheep (Lair:6)
  A meliai zombie (D:11)
  11 slime creatures
  2 centaur simulacra
  A wyvern (Lair:4)
  3 humans (D:14)
  18 yaks
  2 shadows (D:11)
  4 basilisks
  8 steam dragons
  Menkaure (D:6)
  2 nagas (Lair:4)
  2 hell hounds (Lair:6)
  16 water moccasins
  7 orc warriors
  3 black bears
  3 ice beasts
  An ogre (D:6)
  2 boggarts
  9 wolves
  2 centaurs
  2 kobold brigands
  10 bullfrogs
  A gnoll sergeant (D:10)
  A water moccasin skeleton (D:6)
  17 killer bees
  2 wights (D:6)
  A howler monkey (D:13)
  2 centaur zombies
  3 orc priests
  3 hounds
  A jelly (D:7)
  An iguana (D:5)
  3 orc wizards
  Ijyb (D:3)
  Natasha (thrice) (D:3)
  A hound zombie (D:5)
  4 howler monkey zombies
  3 adders
  A gnoll (D:2)
  A white imp (Lair:6)
  3 ufetubi
  2 worms
  A dart slug (D:5)
  7 orcs
  4 ball pythons
  3 bats
  2 bat skeletons (D:8)
  A bat zombie (D:8)
  2 endoplasms (D:2)
  3 giant cockroaches
  10 goblins
  4 hobgoblins
  4 jackals
  7 kobolds
  7 quokkas
  A frilled lizard (D:3)
  4 rats
306 creatures vanquished.

Vanquished Creatures (collateral kills)
  3 vault guards (D:14)
  5 hydras
  A centaur warrior (D:14)
  2 two-headed ogres
  Erica (Lair:2)
  A sun demon (Lair:6)
  A deep troll (D:15)
  9 ugly things
  3 cyclopes
  3 centaur zombies
  3 elephants (Lair:6)
  2 black mambas
  A smoke demon (Lair:6)
  3 cane toads
  6 rime drakes
  2 komodo dragons
  4 red devils (Lair:6)
  An efreet (D:11)
  An ice devil (Lair:6)
  3 trolls
  A polar bear (Lair:6)
  8 blink frogs
  Grinder (D:6)
  A blink frog (shapeshifter) (D:14)
  8 slime creatures
  Sigmund (D:4)
  A shadow (D:10)
  2 wyverns
  29 yaks
  2 basilisks
  A vampire (D:10)
  2 humans (D:14)
  4 vampire mosquitoes (D:10)
  5 steam dragons
  A naga (Lair:4)
  8 water moccasins
  2 hell hounds (Lair:6)
  3 orc warriors
  4 boggarts
  2 ogres
  A wolf (Lair:6)
  8 centaurs
  2 bullfrogs
  2 gnoll sergeants (D:10)
  4 kobold brigands
  2 vampire bats (D:8)
  18 killer bees (D:8)
  A wight (D:6)
  An electric eel (Lair:6)
  A bullfrog skeleton (D:7)
  2 orc priests
  An iguana (D:5)
  A centaur skeleton (D:4)
  An orc wizard (D:5)
  An ugly thing skeleton (D:14)
  A hound skeleton (D:4)
  Robin (D:3)
  6 gnolls
  3 adders
  2 white imps (Lair:6)
  An ufetubus (D:6)
  2 water moccasin zombies (Lair:6)
  A worm (D:2)
  2 dart slugs
  29 orcs
  A bat skeleton (D:8)
  A bat zombie (D:8)
  3 endoplasms
  3 giant cockroaches (D:1)
  10 hobgoblins
  6 jackals (D:1)
  4 kobolds
  A quokka (D:1)
  2 ball pythons (D:1)
  A bat (D:1)
  3 frilled lizards (D:1)
  6 goblins
  2 butterflies (Lair:3)
278 creatures vanquished.

Vanquished Creatures (others)
  A phantasmal warrior (D:14)
  A rime drake (Lair:2)
  12 flying skulls
  A vampire (D:13)
  A steam dragon (Lair:2)
  3 humans (D:14)
  3 ugly thing zombies (D:14)
  An orc wizard (D:5)
  2 ugly thing skeletons (D:14)
  A black mamba zombie (Lair:6)
  A catoblepas zombie (Lair:2)
  2 mummies
  4 human zombies
  A hydra zombie (Lair:3)
  An elephant zombie (Lair:6)
  An ice dragon zombie (Lair:6)
  2 vampire mosquito zombies (D:10)
  2 cyclops zombies
  4 blink frog zombies
  2 bullfrog zombies
  A dream sheep zombie (Lair:6)
  A hell hound zombie (Lair:6)
  A manticore zombie (D:11)
  2 merfolk zombies (Lair:2)
  A troll zombie (D:13)
  5 water moccasin zombies
  A wyvern zombie (Lair:6)
  2 rime drake skeletons (Lair:2)
  8 rime drake zombies
  2 orcs (D:8)
  2 basilisk zombies
  5 centaur zombies
  13 killer bee zombies (D:8)
  5 kobold zombies
  3 komodo dragon zombies
  6 orc zombies
  2 steam dragon skeletons (Lair:2)
  5 steam dragon zombies
  3 wolf zombies
  21 yak zombies
  30 fungi
  100 plants
265 creatures vanquished.

Grand Total: 849 creatures vanquished

Notes
Turn   | Place    | Note
-------+----------+-------------------------------------------
     0 | D:1      | bilbop the Kobold Summoner began the quest for the Orb.
     0 | D:1      | Reached XP level 1. HP: 10/10 MP: 3/3
   545 | D:1      | Reached XP level 2. HP: 15/15 MP: 1/5
   640 | D:1      | Found a faded altar of an unknown god.
   696 | D:1      | Reached skill level 1 in Short Blades
  1786 | D:2      | Reached skill level 3 in Stealth
  1786 | D:2      | Reached XP level 3. HP: 20/20 MP: 1/6
  1920 | D:2      | Reached skill level 1 in Fighting
  2130 | D:2      | Reached XP level 4. HP: 19/25 MP: 5/7
  2335 | D:2      | Learned a level 2 spell: Call Imp
  3186 | D:3      | Noticed Robin
  3647 | D:3      | Killed Robin
  3955 | D:3      | Reached XP level 5. HP: 29/29 MP: 9/9
  3997 | D:3      | Noticed Ijyb
  4007 | D:3      | Killed Ijyb
  4147 | D:3      | Found Gyugaem's Weapon Shop.
  4301 | D:3      | Noticed Natasha
  4307 | D:3      | Killed Natasha
  4491 | D:3      | Noticed Natasha
  4503 | D:3      | Killed Natasha
  4734 | D:3      | Noticed Natasha
  4741 | D:3      | Killed Natasha
  4742 | D:3      | Reached skill level 4 in Stealth
  4742 | D:3      | Reached XP level 6. HP: 35/35 MP: 10/10
  5356 | D:4      | Noticed Sigmund
  5420 | D:4      | Killed Sigmund
  5617 | D:4      | Reached XP level 7. HP: 40/40 MP: 9/12
  5855 | D:4      | Reached skill level 1 in Shields
  6545 | D:5      | Entered Level 5 of the Dungeon
  6683 | D:5      | Reached skill level 5 in Summonings
  6843 | D:5      | Found a broken altar of Ashenzari.
  6875 | D:5      | Reached skill level 5 in Stealth
  7018 | D:5      | Reached XP level 8. HP: 46/46 MP: 13/13
  7022 | D:5      | Learned a level 3 spell: Call Canine Familiar
  7494 | D:6      | Noticed Menkaure
  7499 | D:6      | Killed Menkaure
  7500 | D:6      | Reached skill level 5 in Dodging
  7837 | D:6      | Reached skill level 6 in Stealth
  7863 | D:6      | Found a staircase to the Ecumenical Temple.
  7869 | Temple   | Entered the Ecumenical Temple
  8076 | Temple   | Became a worshipper of Yredelemnul the Dark
  8369 | D:6      | Noticed Grinder
  8379 | D:6      | Reached XP level 9. HP: 52/52 MP: 9/15
  8509 | D:6      | Paralysed by Grinder for 5 turns
  8533 | D:6      | Killed Grinder
  8534 | D:6      | Reached skill level 5 in Short Blades
  8534 | D:6      | Reached skill level 1 in Invocations
  9484 | D:6      | Identified 3 scrolls of acquirement
  9488 | D:6      | Acquired a +6 ring of intelligence
  9711 | D:7      | Noticed Maggie
  9724 | D:7      | Noticed Maggie
  9724 | D:7      | Maggie changed into Maggie the boggart
  9994 | D:7      | Killed Maggie the boggart
 10099 | D:7      | Acquired a +0 pair of boots of flying
 10425 | D:8      | Found a staircase to the Lair.
 10521 | D:8      | Found a glowing golden altar of the Shining One.
 10650 | D:8      | Found an ancient bone altar of Kikubaaqudgha.
 10738 | D:8      | Reached * piety under Yredelemnul
 10744 | D:8      | Reached skill level 5 in Spellcasting
 10796 | D:8      | Noticed a troll
 10798 | D:8      | Reached skill level 7 in Stealth
 11330 | D:8      | Reached skill level 5 in Fighting
 11484 | D:8      | Reached XP level 10. HP: 59/59 MP: 15/17
 11847 | D:8      | Reached ** piety under Yredelemnul
 12159 | D:8      | Noticed an elephant
 12631 | D:9      | Noticed a two-headed ogre
 12642 | D:9      | Killed a two-headed ogre
 12643 | D:9      | Reached skill level 8 in Stealth
 12643 | D:9      | Acquired the ring of Bodily Harmony {rC+ rN++ AC+4 Stlth+}
 12761 | D:9      | Found a hazy altar of Hepliaklqana.
 12876 | D:9      | Found a shadowy altar of Dithmenos.
 13000 | D:10     | Entered Level 10 of the Dungeon
 13831 | D:10     | Found a staircase to the Orcish Mines.
 13844 | D:10     | Reached XP level 11. HP: 59/64 MP: 16/20
 13892 | D:10     | Reached *** piety under Yredelemnul
 14734 | D:11     | Reached skill level 9 in Stealth
 14740 | D:11     | Noticed a purple ugly thing
 14750 | D:11     | Killed a purple ugly thing
 14751 | D:11     | Reached skill level 5 in Invocations
 14851 | D:11     | Noticed a five-headed hydra
 14870 | D:11     | Killed a five-headed hydra
 15086 | D:10     | Received a gift from Yredelemnul (a mummy)
 15248 | D:11     | Noticed a manticore
 15268 | D:11     | Killed a manticore
 15384 | D:11     | Found a basalt altar of Yredelemnul.
 15643 | D:11     | Noticed a catoblepas
 15792 | D:11     | Noticed a purple ugly thing
 15801 | D:11     | Killed a purple ugly thing
 15873 | D:11     | Reached skill level 5 in Shields
 16080 | Lair:1   | Entered Level 1 of the Lair of Beasts
 16521 | Lair:1   | Reached XP level 12. HP: 72/72 MP: 22/22
 16631 | Lair:1   | Identified the +10 dagger of Calculation {venom, rElec
                  | Str+2 Int+3}
 16708 | Lair:1   | Reached skill level 10 in Stealth
 16894 | Lair:1   | Reached **** piety under Yredelemnul
 17037 | Lair:1   | Received a gift from Yredelemnul (2 flying skulls)
 17222 | Lair:1   | Noticed an eight-headed hydra
 17230 | Lair:1   | Killed an eight-headed hydra
 17368 | Lair:1   | Noticed a five-headed hydra
 17372 | Lair:1   | Killed a five-headed hydra
 17798 | Lair:2   | Noticed a seven-headed hydra
 17801 | Lair:2   | Killed a seven-headed hydra
 17822 | Lair:2   | Noticed a catoblepas
 17826 | Lair:2   | Killed a catoblepas
 17835 | Lair:2   | Learned a level 4 spell: Summon Lightning Spire
 17867 | Lair:2   | Found a staircase to the Shoals.
 17961 | Lair:2   | Noticed a six-headed hydra
 17963 | Lair:2   | Killed a six-headed hydra
 17971 | Lair:2   | Noticed Erica
 17978 | Lair:2   | Killed Erica
 18078 | Lair:2   | Noticed Gastronok
 18086 | Lair:2   | Killed Gastronok
 18087 | Lair:2   | Reached skill level 10 in Short Blades
 18087 | Lair:2   | Reached skill level 11 in Stealth
 18087 | Lair:2   | Reached XP level 13. HP: 79/79 MP: 23/25
 18501 | Lair:2   | Your ally Erica died
 18825 | Lair:2   | Reached skill level 10 in Dodging
 19026 | Lair:2   | Noticed Sonja
 19030 | Lair:2   | Killed Sonja
 19077 | Lair:2   | Your ally Sonja died
 19299 | Lair:2   | Upgraded the game from 0.27-a0-1502-g47ed6a6988 to
                  | 0.27-a0-1513-g2aaa0cc67b
 19571 | Lair:3   | Noticed a five-headed hydra
 19581 | Lair:3   | Killed a five-headed hydra
 19716 | Lair:3   | Noticed a catoblepas
 19721 | Lair:3   | Killed a catoblepas
 21058 | Lair:4   | Reached ***** piety under Yredelemnul
 21362 | Lair:4   | Found a staircase to the Snake Pit.
 21370 | Lair:4   | Noticed an eight-headed hydra
 21379 | Lair:4   | Killed an eight-headed hydra
 21676 | Lair:4   | Reached skill level 12 in Stealth
 22177 | Lair:5   | You are sucked into a shaft and drop 1 floor!
 22177 | Lair:6   | Entered Level 6 of the Lair of Beasts
 22183 | Lair:5   | Noticed an eight-headed hydra
 22186 | Lair:5   | Killed an eight-headed hydra
 22187 | Lair:5   | Reached XP level 14. HP: 86/86 MP: 25/27
 22283 | Lair:5   | Acquired bilbop's Tome of Snow and Black Rites
 22288 | Lair:5   | Learned a level 2 spell: Ensorcelled Hibernation
 22377 | Lair:5   | Found a viscous altar of Jiyva.
 22382 | Lair:5   | Identified the +4 kite shield of the Fiend {rElec rPois
                  | rF+}
 22433 | Lair:5   | Found a staircase to the Slime Pits.
 22750 | Lair:5   | Received a gift from Yredelemnul (5 flying skulls)
 23336 | Lair:6   | Reached skill level 1 in Hexes
 23372 | Lair:6   | Received a gift from Yredelemnul (a mummy)
 23986 | Lair:6   | Received a gift from Yredelemnul (2 flying skulls)
 25461 | Lair:6   | Found a burning altar of Makhleb.
 25471 | Lair:6   | Received a gift from Yredelemnul (3 flying skulls)
 25481 | Lair:6   | Reached skill level 10 in Summonings
 25934 | Lair:6   | Found a gateway to Hell.
 26670 | D:12     | Received a gift from Yredelemnul (a vampire)
 26674 | D:12     | Reached skill level 10 in Fighting
 26776 | D:12     | Got Sif Muna's Tome of Hurtful Black Rites
 26882 | D:12     | Noticed Fannar
 27699 | D:12     | Found Namuth's Antique Armour Boutique.
 28943 | D:13     | Reached skill level 13 in Stealth
 29180 | D:14     | Reached XP level 15. HP: 92/92 MP: 28/28
 29624 | D:14     | Received a gift from Yredelemnul (a phantasmal warrior)
 30955 | D:14     | Found a runed translucent gate.
 30956 | D:14     | Found a runed translucent gate.
 30958 | D:14     | Found a runed translucent gate.
 30973 | D:14     | Noticed Nausicaa's ghost (journeyman MiBe)
 31017 | D:14     | Reached skill level 10 in Spellcasting
 31260 | D:14     | Received a gift from Yredelemnul (2 flying skulls)
 31279 | D:14     | Found a gate to the Vaults.
 31801 | D:15     | Entered Level 15 of the Dungeon
 31880 | D:15     | Slain by an ettin simulacrum

Illustrated notes

Levels and vault maps discovered:
D:1:      roderic_crossed_star, layout_basic, serial_corexii_hall,
          chequers_hall_statues_wall_a, corexii_hall_statues_u,
          chequers_hall_statues_y, corexii_hall_statues_t,
          shapermc_ecumenical_altar_totnotflames
D:2:      layout_basic, minmay_fractal_squares_5
D:3:      layout_basic, serial_corexii_hall, chequers_hall_statues_y,
          corexii_hall_statues_s, chequers_hall_statues_corner_a,
          corexii_hall_statues_t, corexii_hall_statues_u,
          chequers_hall_statues_wall_a, serial_shops, nicolae_shop_crystal,
          uniq_robin, uniq_ijyb, uniq_natasha
D:4:      layout_loops_corners, minmay_misc_feat_roman, kennysheep_doodads,
          uniq_sigmund
D:5:      layout_rooms, nicolae_overflow_hidden_temple,
          hellmonk_bongcloud_opening
D:6:      layout_layer_cave, minmay_temple_entry_mini_moons, uniq_grinder,
          uniq_menkaure
D:7:      layout_rooms, uniq_maggie
D:8:      wad_woods_minihive, layout_basic, tso_metal_star,
          kennysheep_vampire_church, lair_entry_dummy
D:9:      layout_rooms, mainiacjoe_overflow_tiny_flanked,
          mainiacjoe_overflow_alcove_4
D:10:     layout_cave_pools, kennysheep_orc_monster_closet_entryway
D:11:     layout_small_grid, minmay_ruined_shrine
D:12:     layout_irregular_city, serial_shops, shop, uniq_fannar
D:13:     layout_loops_cross
D:14:     layout_roguey, ximxim_vaults_locker_room,
          portal_ice_cave_entry_ugly_swarm, maelrawn_ghost_gauntlet_escape,
          nicolae_benzene_ring
D:15:     hangedman_depths_entry_civil_slaughter, layout_small_grid,
          hangedman_decor_diamond_cutter, uniq_azrael
Temple:   bh_familiar_temple
Lair:1:   layout_chaotic_city, cheibrodos_lair_reptile_den,
          infiniplex_staircase_pool_2
Lair:2:   layout_roguey, elwin_shoals_entry_rooms, bobbens_dragon_lair_wall,
          grunt_megastairs_1, uniq_gastronok, uniq_sonja, uniq_erica
Lair:3:   layout_hall_layers, lemuel_fruit_fields
Lair:4:   layout_roguey, guppyfry_snake_entry_garden
Lair:5:   layout_small_grid, slime_altar_1, minivault_19, grunt_megastairs_5,
          lemuel_fruit_fields
Lair:6:   evil_forest, layout_gridlike, serial_bayou_lagoon_a,
          bobbens_ice_dragon_lair, infiniplex_staircase_pool

Skill      XL: |  1  2  3  4  5  6  7  8  9 10 11 12 13 14 15 |
---------------+----------------------------------------------+-----
Short Blades   | 1 2 3 4 6 7 8 10 11 12 | 12.3
Stealth        | 3 4 5 6 7 8 9 11 12 13 | 13.4
Fighting       | 1 2 3 4 5 6 7 8 9 10 | 10.4
Dodging        | 3 4 5 6 7 8 9 10 11 | 11.7
Spellcasting   | 3 4 5 6 7 8 9 10 | 10.0
Shields        | 1 2 3 4 5 |  5.9
Summonings     | 5 6 7 8 9 10 | 10.4
Invocations    | 2 4 5 7 8 9 |  9.7
Hexes          | 3 4 |  4.3

Action                   |  1- 3 |  4- 6 |  7- 9 | 10-12 | 13-15 || total
-------------------------+-------+-------+-------+-------+-------++-------
Melee: Unarmed           |    22 |     7 |       |       |       ||    29
       Short sword       |    25 |   119 |   210 |   337 |       ||   691
       Dagger            |       |       |       |    67 |   804 ||   871
 Cast: Summon Small Mamm |    58 |     2 |       |       |       ||    60
       Call Imp          |       |    30 |    48 |    48 |    31 ||   157
       Call Canine Famil |       |       |    20 |    51 |    86 ||   157
       Summon Lightning  |       |       |       |     1 |    61 ||    62
       Ensorcelled Hiber |       |       |       |       |     1 ||     1
Invok: Animate Remains   |       |       |     5 |    26 |       ||    31
       Animate Dead      |       |       |       |    26 |    60 ||    86
       Recall Undead Sla |       |       |       |     1 |     7 ||     8
Evoke: Wand              |       |       |     2 |       |       ||     2
  Use: Scroll            |       |       |    10 |     2 |     6 ||    18
       Potion            |       |       |       |       |     1 ||     1
 Stab: Distracted        |     1 |       |     4 |    10 |    14 ||    29
       Sleeping          |     9 |    19 |    31 |    36 |    46 ||   141
Armor: Robe              |     5 |    19 |    12 |       |       ||    36
       Steam dragon scal |       |       |    12 |    70 |   112 ||   194
Dodge: Dodged            |    45 |    78 |   140 |   302 |   427 ||   992
Block: Buckler           |       |     2 |    62 |    89 |   142 ||   295

Table legend: (Time is in decaauts)
 A = Elapsed time spent in this place.
 B = Non-inter-level travel time spent in this place.
 C = Inter-level travel time spent in this place.
 D = Time resting spent in this place.
 E = Time spent auto-exploring this place.
 F = Levels seen in this place.
 G = Mean time per level.
                   A        B        C        D        E       F      G
               +--------+--------+--------+--------+--------+-----+--------+
         Total |  31396 |  28650 |   2746 |   7504 |  16521 |  22 | 1427.1 |
       Dungeon |  21507 |  19508 |   1999 |   4831 |  11365 |  15 | 1433.8 |
        Temple |    219 |    189 |     30 |      0 |    187 |   1 |  219.0 |
          Lair |   9669 |   8952 |    717 |   2673 |   4968 |   6 | 1611.5 |
               +--------+--------+--------+--------+--------+-----+--------+

Top non-repeatable levels by time:
  Lair:6: 2902 daAuts
    D:14: 2231 daAuts
     D:8: 2049 daAuts
     D:6: 2028 daAuts
     D:1: 1772 daAuts
     D:2: 1744 daAuts
     D:3: 1670 daAuts
    D:11: 1658 daAuts
    D:10: 1572 daAuts
    D:13: 1535 daAuts
  Lair:2: 1498 daAuts
     D:4: 1363 daAuts
  Lair:1: 1362 daAuts
  Lair:5: 1326 daAuts
  Lair:4: 1318 daAuts
